 Adventure DCSS version bcrawl-1.19-7-g22fd707d3b (webtiles) character file.

Game seed: 5243707025145318921

385 Leeroy the Carver (level 6, -2/37 HPs)
             Began as a Skeleton Reaver on Nov 15, 2019.
             Was a Believer of Vehumet.
             Slain by a black bear (11 damage)
             ... on level 5 of the Dungeon.
             The game lasted 00:09:22 (6061 turns).

Leeroy the Carver (Skeleton Reaver)                 Turns: 6061, Time: 00:09:23

Health: -2/37      AC:  7    Str: 18    XL:     6   Next: 48%
Magic:  0/10       EV: 12    Int: 12    God:    Vehumet [**....]
Gold:   287        SH:  6    Dex:  9    Spells: 10/11 levels left
                                        Lives:  0   Deaths: 2

rFire    . . .     SeeInvis .   a - +0 long sword
rCold    + . .     Gourm    .   e - +0 buckler
rNeg     + + +     Faith    .   b - +0 steam dragon scales
rPois    ∞         Spirit   +   t - +0 helmet
rElec    .         Reflect  .   (no cloak)
rCorr    .         Harm     .   s - +0 pair of gloves
MR       .....                  (no boots)
Stlth    +.........             (no amulet)
HPRegen  0.12/turn              (no ring)
MPRegen  0.12/turn              (no ring)

@: no status effects
A: no food or potions, cold resistance 1, deterioration 1, negative energy
resistance 3, powered by death 1, torment resistance, unbreathing, magic shield,
sturdy frame 1, spell healing
a: Renounce Religion


You were on level 5 of the Dungeon.
You worshipped Vehumet.
Vehumet was pleased with you.
You were not hungry.

You visited 1 branch of the dungeon, and saw 5 of its levels.

You collected 287 gold pieces.

Inventory:

Hand Weapons
 a - a +0 long sword (weapon)
 r - a +2 falchion of holy wrath
 u - a +0 hunting sling of flaming
Missiles
 o - 68 curare-tipped needles
 p - 57 poisoned tomahawks (quivered)
Armour
 b - +0 steam dragon scales (worn)
 e - a +0 buckler (worn)
 s - a +0 pair of gloves (worn)
 t - a +0 helmet (worn)
Jewellery
 l - an uncursed ring of resist corrosion {unknown}
Scrolls
 c - a scroll of immolation
 d - 2 scrolls of amnesia {unknown}
 f - 9 scrolls of identify {unknown}
 g - 2 scrolls of remove curse {unknown}
 h - a scroll of fog {unknown}
 i - a scroll of noise {unknown}
 j - a scroll of magic mapping {unknown}
 k - 5 scrolls of teleportation
 m - 4 scrolls of enchant armour {unknown}
 n - 2 scrolls of enchant weapon {unknown}
 q - 4 scrolls of fear {unknown}


   Skills:
 - Level 3.0 Fighting
 + Level 9.0 Long Blades
 - Level 3.0 Dodging
 - Level 5.0 Shields
 - Level 3.0 Spellcasting
 + Level 0.2 Conjurations


You had 10 spell levels left.
You knew the following spells:

 Your Spells              Type           Power        Failure   Level  Hunger
a - Magic Dart            Conj           #...         6%          1    N/A

Your spell library contained the following spells:

 Spells                   Type           Power        Failure   Level  Hunger
 Iskenderun's Battlesphe  Conj/Chrm      #.......     82%         5    N/A

Dungeon Overview and Level Annotations

Branches:
Dungeon (5/12)             Temple (0/1) D:4

Altars:
Ashenzari
Elyvilon
Ru

Annotations:
D:3 1 runed door
D:4 Dowan, Duvessa, Menkaure


Innate Abilities, Weirdness & Mutations

You do not eat or drink.
You are immune to poison.
Your flesh is cold resistant. (rC+)
Your body sometimes deteriorates upon taking damage.
You are immune to negative energy. (rN+++)
You regenerate a little health from kills.
You are immune to unholy pain and torment.
You can survive without breathing.
When hurt, damage is shared between your health and your magic reserves.
Your movements are slightly less encumbered by armour. (ER -2)
Casting spells heals you.


Message History

The black bear barely misses you. You block the black bear's attack.
The black bear claws you but does no damage.
You slash the black bear!
The black bear is almost dead.
You closely miss the black bear.
The black bear is almost dead.
The black bear goes berserk!
You barely miss the black bear.
The black bear is almost dead.
The black bear bites you.
* * * LOW HITPOINT WARNING * * *
The black bear claws you.
* * * LOW HITPOINT WARNING * * *
The black bear claws you.
You barely miss the black bear.
The black bear is almost dead.
You block the black bear's attack.
The black bear claws you but does no damage.
You block the black bear's attack. The black bear bites you!
You die...

+# .#
#####.#
.....##
.....##
###.....####
#...h.......
#@.# #..#
..#####.)#
.........#
#........#
########.#
#.#
###########
#.#
#.........#
###
########.##
#.#######.#


You could see a black bear (berserk).

Vanquished Creatures
  A hungry ghost (D:3)
  A phantom (D:3)
  A centaur (D:3)
  A howler monkey (D:4)
  A crimson imp (D:4)
  A bullfrog zombie (D:5)
  2 bullfrog skeletons
  An iguana (D:5)
  A worker ant (D:4)
  A worker ant zombie (D:5)
  3 gnolls (D:3)
  2 howler monkey skeletons (D:4)
  3 adders
  A shadow imp (D:5)
  An ooze (D:1)
  2 worms (D:3)
  A dart slug (D:1)
  8 leopard geckos
  14 orcs
  5 goblins
  8 hobgoblins
  2 jackals (D:5)
  4 kobolds
  4 quokkas
  2 ball pythons (D:1)
  6 bats
  6 frilled lizards
  8 rats
91 creatures vanquished.

Notes
Turn   | Place    | Note
-------+----------+-------------------------------------------
     0 | D:1      | Leeroy the Skeleton Reaver began the quest for the Orb.
     0 | D:1      | Reached XP level 1. HP: 14/14 MP: 4/4
    66 | D:1      | Reached skill level 4 in Long Blades
   279 | D:1      | Reached skill level 1 in Shields
   279 | D:1      | Reached XP level 2. HP: 19/19 MP: 6/6
   474 | D:1      | Reached * piety under Vehumet
   474 | D:1      | Offered knowledge of Sting by Vehumet.
   480 | D:1      | Reached XP level 3. HP: 2/23 MP: 0/7
  2196 | D:3      | Noticed a centaur
  2215 | D:3      | HP: 1/23 [centaur (2)]
  2216 | D:3      | Slain by a centaur
  2217 | D:3      | Reached XP level 2. HP: 0/19 MP: 0/6
  2276 | D:3      | Reached XP level 3. HP: 16/23 MP: 5/7
  2427 | D:3      | Reached XP level 4. HP: 26/28 MP: 6/8
  2480 | D:3      | Reached skill level 5 in Shields
  2692 | D:3      | Killed a centaur
  2692 | D:3      | Reached skill level 5 in Long Blades
  2692 | D:3      | Reached XP level 5. HP: 19/32 MP: 5/9
  2810 | D:3      | Found a shattered altar of Ashenzari.
  2813 | D:3      | Found a white marble altar of Elyvilon.
  2834 | D:3      | Found a sacrificial altar of Ru.
  2842 | D:3      | Offered knowledge of Magic Dart by Vehumet.
  2901 | D:3      | Reached ** piety under Vehumet
  3428 | D:3      | Reached skill level 6 in Long Blades
  3539 | D:3      | Noticed a phantom
  4249 | D:3      | Killed a phantom
  4249 | D:3      | Gained mutation: You regenerate a little health from kills.
                  | [Skeleton growth]
  4249 | D:3      | Reached XP level 6. HP: 20/37 MP: 7/10
  4252 | D:3      | Learned a level 1 spell: Magic Dart
  4391 | D:3      | Noticed a hungry ghost
  4416 | D:3      | Killed a hungry ghost
  4416 | D:3      | Reached skill level 7 in Long Blades
  4448 | D:3      | Found a runed door.
  4814 | D:4      | Noticed Duvessa
  4814 | D:4      | Noticed Dowan
  5094 | D:4      | Reached skill level 8 in Long Blades
  5223 | D:4      | Reached XP level 7. HP: 31/41 MP: 8/11
  5433 | D:4      | Noticed Menkaure
  5570 | D:4      | Found a staircase to the Ecumenical Temple.
  5684 | D:5      | Entered Level 5 of the Dungeon
  5741 | D:5      | Noticed a hippogriff
  5752 | D:5      | Slain by a hippogriff
  5753 | D:5      | Reached XP level 6. HP: -1/37 MP: 0/10
  6007 | D:5      | Reached skill level 9 in Long Blades
  6061 | D:5      | Slain by a black bear

Skill      XL: |  1  2  3  4  5  6 |
---------------+-------------------+-----
Long Blades    | 4 5 6 9 |  9.0
Shields        | 1 4 3 5 |  5.0
Fighting       | |  3.0
Dodging        | |  3.0
Spellcasting   | |  3.0
Conjurations   | |  0.2

Action                   |  1- 3 |  4- 6 |  7- 9 || total
-------------------------+-------+-------+-------++-------
Melee: Long sword        |   220 |   276 |    39 ||   535
 Cast: Magic Dart        |       |     3 |     2 ||     5
  Use: Scroll            |       |     1 |     1 ||     2
Armor: Steam dragon scal |    68 |    66 |     8 ||   142
Dodge: Dodged            |   143 |   145 |    23 ||   311
Block: Buckler           |    43 |    50 |    11 ||   104
